 Dungeon Crawl Stone Soup version 0.28.0-53-g5a82cb258f (webtiles) character file.

Game seed: 9507735137585446447

88 mrburnz the Cudgeller (level 4, -5/41 HPs)
             Began as a Minotaur Berserker on May 22, 2022.
             Was a Believer of Trog.
             Slain by Sigmund
             ... wielding a +4 scythe of flaming
              (8 damage)
             ... on level 2 of the Dungeon.
             The game lasted 00:05:01 (2498 turns).

mrburnz the Cudgeller (Minotaur Berserker)          Turns: 2498, Time: 00:05:02

Health: -5/41      AC: 12    Str: 24    XL:     4   Next: 29%
Magic:  3/3        EV: 18    Int:  4    God:    Trog [**....]
Gold:   75         SH:  0    Dex:  9    Spells: 3/3 levels left

rFire   . . .      SeeInvis .   (weapon currently unavailable)
rCold   . . .      Faith    .   (shield currently unavailable)
rNeg    + + +      Spirit   .   (armour currently unavailable)
rPois   +          Reflect  .   (helmet currently unavailable)
rElec   .          Harm     .   (cloak currently unavailable)
rCorr   .          Rampage  .   (gloves currently unavailable)
Will    .....                   (boots currently unavailable)
Stlth   +.........              (no amulet)
HPRegen 0.13/turn               (no ring)
MPRegen 0.08/turn               (no ring)

@: fungus-form (expiring)
A: melee confuse, terrified, no casting, tiny, (horns 2), (retaliatory headbutt)
a: Renounce Religion, Berserk, Trog's Hand


You were on level 2 of the Dungeon.
You worshipped Trog.
Trog was pleased with you.
You were a sentient fungus.
You visited 1 branch of the dungeon, and saw 2 of its levels.

You collected 75 gold pieces.

Inventory:

Hand Weapons
 a - a +0 mace (melded)
Missiles
 h - 2 throwing nets (quivered)
Armour
 b - a +0 animal skin (melded)
Jewellery
 c - a +6 ring of intelligence
Scrolls
 d - a scroll of vulnerability {unknown}
 e - 2 scrolls of blinking {unknown}
 g - 2 scrolls of identify {unknown}
Potions
 i - a potion of attraction {unknown}


   Skills:
 + Level 4.8 Fighting
 + Level 5.2 Maces & Flails
 - Level 2.4 Armour
 - Level 2.1 Dodging
 + Level 0.5 Stealth


You had 3 spell levels left.
You didn't know any spells.
Your spell library was empty.

Dungeon Overview and Level Annotations

Branches:
Dungeon (2/15)

Altars:

Annotations:
D:2 Sigmund


Innate Abilities, Weirdness & Mutations

You are a sentient fungus.
You are tiny and evasive.
Your melee attack releases spores that confuse breathing creatures.
You become terrified and freeze when enemies are visible.
Your armour is entirely melded.
You are incapable of wielding weapons or throwing items.
You cannot cast spells.
((You have a pair of horns on your head.))
((You reflexively headbutt those who attack you in melee.))


Message History

Found a book of Frost.
You see here a book of Frost.
Sigmund the Dreaded comes into view.
He is wielding a +4 scythe of flaming and carrying a wand of polymorph (5).
Unknown command.
Sigmund shouts!
Sigmund hits you from afar with a +4 scythe of flaming!
Sigmund burns you!
Press: ? - help, v - describe, . - travel
Here: Sigmund, wielding a +4 scythe of flaming, wearing a +0 robe and carrying a wand of polymorph (5)
The floor.
Sigmund gestures at you while chanting. The puff of flame hits you!
* * * LOW HITPOINT WARNING * * *
Sigmund zaps a wand.
You turn into a sentient fungus.
Your +0 mace melds into your body.
Your +0 animal skin melds into your body.
You're too terrified to move while being watched!
You're too terrified to move while being watched!
You're too terrified to move while being watched!
You're too terrified to move while being watched!
You're too terrified to move while being watched!
You're too terrified to move while being watched!
You're too terrified to move while being watched!
You're too terrified to move while being watched!
Sigmund hits you from afar with a +4 scythe of flaming.
* * * LOW HITPOINT WARNING * * *
Sigmund burns you.
* * * LOW HITPOINT WARNING * * *
Sigmund misses you. Sigmund misses you.
You're too terrified to move while being watched!
You're too terrified to move while being watched!
Sigmund barely misses you.
Your transformation is almost over.
Sigmund barely misses you. Sigmund misses you. Sigmund completely misses you.
It was a potion of lignification.
You feel woody for a moment.
Sigmund hits you from afar with a +4 scythe of flaming!
You die...

...#............†#.#.#..
#.#.#.#.#.#.#.#..#.#....
................##.###.. .
...............#.#.... ###
#............#.#.#.. ...
#............#.#.... ...
#.#.#..@...#.....#.#.#.. .
#.#.#.#..........#.###..
#.#.#.#f####.... #.###..
#.#.#..........###.#....
#.#.#.....##.#.##.......
#.#.#.....##.#.#........
######
#.#.#.....##.#.#....###.
.....# #...................# .
.###.#####.#.#.####.#†#......#
.
.#.........#........#.#..#####
. .#.#.#####.##.........#..# .


You could see Sigmund.

Vanquished Creatures
  4 adders (D:2)
  A worm (D:2)
  A dart slug (D:2)
  6 endoplasms
  4 giant cockroaches
  2 goblins (D:2)
  9 hobgoblins
  3 jackals (D:2)
  5 kobolds
  A quokka (D:1)
  2 ball pythons
  A bat (D:2)
  A frilled lizard (D:2)
  A rat (D:1)
41 creatures vanquished.

Notes
Turn   | Place    | Note
-------+----------+-------------------------------------------
     0 | D:1      | mrburnz the Minotaur Berserker began the quest for the Orb.
     0 | D:1      | Reached XP level 1. HP: 19/19 MP: 0/0
   287 | D:1      | Reached skill level 4 in Maces & Flails
   632 | D:1      | Reached XP level 2. HP: 12/27 MP: 1/1
  1141 | D:1      | Found a faded altar of an unknown god.
  1595 | D:2      | Reached XP level 3. HP: 18/34 MP: 2/2
  1971 | D:2      | Reached ** piety under Trog
  2262 | D:2      | Reached skill level 5 in Maces & Flails
  2262 | D:2      | Reached XP level 4. HP: 41/41 MP: 3/3
  2478 | D:2      | Noticed Sigmund
  2488 | D:2      | HP: 1/41 [Sigmund/+4 scythe of flaming (2)]
  2498 | D:2      | Slain by Sigmund

Illustrated notes

Levels and vault maps discovered:
D:1:      dpeg_arrival_simpleton_c, layout_loops_ring,
          shapermc_ecumenical_altar_venn, dk_noncrumbling_3
D:2:      layout_basic, fountainhead, hangedman_decor_riveting,
          minmay_tetromino_o4, uniq_sigmund

Skill      XL: |  1  2  3 |
---------------+----------+-----
Maces & Flails | 4 5 |  5.2
Fighting       | 4 |  4.8
Armour         | |  2.4
Dodging        | |  2.1
Stealth        | |  0.5

Action                   |  1- 3 |  4- 6 || total
-------------------------+-------+-------++-------
Melee: Mace              |    71 |    10 ||    81
       Headbutt          |     9 |     2 ||    11
       Punch             |     1 |       ||     1
  Use: Potion            |       |     1 ||     1
Armor: Animal skin       |    13 |     4 ||    17
Dodge: Dodged            |    52 |    15 ||    67
